 Dungeon Crawl Stone Soup version 0.22-a0-877-g5c4e1afb51 (webtiles) character file.

155 Htamos the Carver (level 5, -3/40 HPs)
             Began as a Gnoll Wanderer on July 29, 2018.
             Slain by an orc
             ... wielding a +0 hand axe of distortion
              (25 damage)
             ... on level 3 of the Dungeon.
             The game lasted 00:03:32 (2298 turns).

Htamos the Carver (Gnoll Wanderer)                  Turns: 2298, Time: 00:03:32

Health: -3/40      AC: 12    Str: 15    XL:     5   Next: 37%
Magic:  12/12      EV:  4    Int: 15    God:
Gold:   90         SH:  0    Dex: 14    Spells: 14/14 levels left

rFire    . . .     SeeInvis .   a - +2 falchion
rCold    . . .     Gourm    .   (no shield)
rNeg     . . .     Faith    .   w - +0 plate armour
rPois    .         Spirit   .   j - +0 helmet (curse)
rElec    .         Reflect  .   i - +0 cloak
rCorr    .         Harm     .   (no gloves)
MR       .....                  (no boots)
Stlth    ..........             (no amulet)
HPRegen  0.13/turn              (no ring)
MPRegen  0.13/turn              (no ring)

@: no status effects
A: distributed training, fangs 1, strong nose
a: no special abilities


You were on level 3 of the Dungeon.
You were hungry.

You visited 1 branch of the dungeon, and saw 3 of its levels.

You collected 90 gold pieces.

Inventory:

Hand Weapons
 a - a +2 falchion (weapon)
Armour
 d - a +0 robe
 i - a +0 cloak (worn)
 j - a cursed +0 helmet (worn)
 k - a +0 leather armour
 n - a +0 chain mail
 w - a +0 plate armour (worn)
Jewellery
 e - an uncursed ring of protection from cold {unknown}
 o - a cursed ring of teleportation {unknown}
Scrolls
 g - a scroll of fear {unknown}
 h - a scroll of fog {unknown}
 l - a scroll of random uselessness {unknown}
 m - a scroll of magic mapping {unknown}
 s - 2 scrolls of identify {unknown}
 t - a scroll of enchant armour {unknown}
 u - a scroll of teleportation {unknown}
Potions
 b - 2 potions of ambrosia {unknown}
 c - a potion of curing
 p - a potion of cancellation {unknown}
 q - 2 potions of heal wounds {unknown}
 r - a potion of might {unknown}
Comestibles
 f - 9 rations
 v - 3 chunks of flesh


   Skills:
 + Level 2.9 Fighting
 + Level 1.4 Short Blades
 + Level 8.6 Long Blades
 + Level 1.4 Axes
 + Level 1.4 Maces & Flails
 + Level 1.4 Polearms
 + Level 1.4 Staves
 + Level 1.4 Slings
 + Level 1.4 Bows
 + Level 1.4 Crossbows
 + Level 1.4 Throwing
 + Level 1.4 Armour
 + Level 1.4 Dodging
 + Level 2.7 Stealth
 + Level 1.4 Shields
 + Level 1.4 Unarmed Combat
 + Level 5.2 Spellcasting
 + Level 1.1 Conjurations
 + Level 1.1 Hexes
 + Level 1.1 Charms
 + Level 1.1 Summonings
 + Level 1.1 Necromancy
 + Level 1.1 Translocations
 + Level 2.3 Transmutations
 + Level 1.1 Fire Magic
 + Level 1.1 Ice Magic
 + Level 1.1 Air Magic
 + Level 1.1 Earth Magic
 + Level 1.1 Poison Magic
 + Level 1.6 Invocations
 + Level 2.9 Evocations


You had 14 spell levels left.
You didn't know any spells.
Your spell library contained the following spells:

 Spells                   Type           Power        Failure   Level  Hunger
 Spider Form              Tmut/Pois      #.........   100%        3    ###....
 Beastly Appendage        Tmut           ##....       99%         1    None


Dungeon Overview and Level Annotations

Branches:
Dungeon (3/15)

Altars:
Gozag
Yredelemnul


Innate Abilities, Weirdness & Mutations

Your experience applies equally to all skills.
You have very sharp teeth.
Your uncanny sense of smell can sniff out nearby items.


Message History

The orc is moderately wounded.
The orc hits you but does no damage.
You hit the orc.
The orc is almost dead.
The orc hits you but does no damage. Space bends around you.
The orc hits you but does no damage.
You closely miss the orc.
The orc is almost dead.
The orc hits you but does no damage. Space bends around you.
The orc hits you but does no damage.
You closely miss the orc.
The orc is almost dead.
You slash the orc!
You kill the orc!
The orc hits you but does no damage. Space bends around you.
You hit the orc but do no damage.
The orc hits you with a hand axe of distortion.
Space warps horribly around you!
Ouch! That really hurt!
You die...

###.#.# ∆ ...#.#
#..#.# #..#.###
#......
######....#
....>$....####
#)@.....#
......o.#.##.#
#########.# #.#
#.#########
#<...(....######
#########.......
########


You could see an orc.

Vanquished Creatures
  An orc priest (D:3)
  3 adders
  4 worms (D:2)
  2 dart slugs
  A leopard gecko (D:2)
  7 orcs (D:3)
  7 giant cockroaches
  6 goblins
  7 hobgoblins
  13 jackals
  A quokka (D:2)
  A ball python (D:3)
  4 bats
  2 frilled lizards (D:1)
  2 gnoll zombies (D:3)
  5 kobolds
  5 rats
71 creatures vanquished.

Notes
Turn   | Place    | Note
-------+----------+-------------------------------------------
     0 | D:1      | Htamos the Gnoll Wanderer began the quest for the Orb.
     0 | D:1      | Htamos set off with: a +2 falchion, a potion of curing, a +0 robe, a ration
     0 | D:1      | Reached XP level 1. HP: 17/17 MP: 6/6
   258 | D:1      | Reached XP level 2. HP: 23/23 MP: 7/7
   598 | D:1      | You fall through a shaft!
   638 | D:2      | Found an opulent altar of Gozag.
   641 | D:2      | Reached skill level 5 in Spellcasting
   641 | D:2      | Reached XP level 3. HP: 27/28 MP: 7/9
   753 | D:2      | Reached skill level 1 in Invocations
  1034 | D:2      | Reached skill level 1 in Short Blades
  1034 | D:2      | Reached skill level 1 in Axes
  1034 | D:2      | Reached skill level 1 in Maces & Flails
  1034 | D:2      | Reached skill level 1 in Polearms
  1034 | D:2      | Reached skill level 1 in Staves
  1034 | D:2      | Reached skill level 1 in Slings
  1034 | D:2      | Reached skill level 1 in Bows
  1034 | D:2      | Reached skill level 1 in Crossbows
  1034 | D:2      | Reached skill level 1 in Throwing
  1034 | D:2      | Reached skill level 1 in Armour
  1034 | D:2      | Reached skill level 1 in Dodging
  1034 | D:2      | Reached skill level 1 in Shields
  1034 | D:2      | Reached skill level 1 in Unarmed Combat
  1267 | D:2      | Reached XP level 4. HP: 25/34 MP: 11/11
  1834 | D:3      | Reached skill level 1 in Conjurations
  1834 | D:3      | Reached skill level 1 in Hexes
  1834 | D:3      | Reached skill level 1 in Charms
  1834 | D:3      | Reached skill level 1 in Summonings
  1834 | D:3      | Reached skill level 1 in Necromancy
  1834 | D:3      | Reached skill level 1 in Translocations
  1834 | D:3      | Reached skill level 1 in Fire Magic
  1834 | D:3      | Reached skill level 1 in Ice Magic
  1834 | D:3      | Reached skill level 1 in Air Magic
  1834 | D:3      | Reached skill level 1 in Earth Magic
  1834 | D:3      | Reached skill level 1 in Poison Magic
  1989 | D:3      | Found a basalt altar of Yredelemnul.
  2044 | D:3      | Reached XP level 5. HP: 20/40 MP: 12/12
  2298 | D:3      | Slain by an orc

Vault maps used:
D:1:      eino_arrival_cavern_e
D:2:      first_ration, grunt_gozag_breadcrumbs
D:3:      lemuel_zombie_altar_yredelemnul, ebering_ghost_rock_garden

Skill      XL: |  1  2  3  4 |
---------------+-------------+-----
Transmutations | 2 |  2.3
Spellcasting   | 5 |  5.2
Invocations    | 1 |  1.6
Short Blades   | 1 |  1.4
Axes           | 1 |  1.4
Maces & Flails | 1 |  1.4
Polearms       | 1 |  1.4
Staves         | 1 |  1.4
Slings         | 1 |  1.4
Bows           | 1 |  1.4
Crossbows      | 1 |  1.4
Throwing       | 1 |  1.4
Armour         | 1 |  1.4
Dodging        | 1 |  1.4
Shields        | 1 |  1.4
Unarmed Combat | 1 |  1.4
Conjurations   | 1 |  1.1
Hexes          | 1 |  1.1
Charms         | 1 |  1.1
Summonings     | 1 |  1.1
Necromancy     | 1 |  1.1
Translocations | 1 |  1.1
Fire Magic     | 1 |  1.1
Ice Magic      | 1 |  1.1
Air Magic      | 1 |  1.1
Earth Magic    | 1 |  1.1
Poison Magic   | 1 |  1.1
Fighting       | |  2.9
Long Blades    | |  8.6
Stealth        | |  2.7
Evocations     | |  2.9

Action                   |  1- 3 |  4- 6 || total
-------------------------+-------+-------++-------
Melee: Falchion          |    87 |   106 ||   193
       Bite              |     9 |    10 ||    19
       Punch             |     1 |       ||     1
 Stab: Sleeping          |     4 |       ||     4
  Eat: Chunk             |     1 |     3 ||     4
Armor: Robe              |     3 |       ||     3
       Leather armour    |    17 |    11 ||    28
       Chain mail        |       |    12 ||    12
       Plate armour      |       |    29 ||    29
Dodge: Dodged            |    30 |    29 ||    59
       Rpst.: Falchion   |     7 |     7 ||    14

Table legend:
 A = Spawn XP
 B = Non-spawn XP
 C = Spawn XP percentage of total XP
 D = Spawn monster count
 E = Non-spawn monster count
 F = Spawn count percentage of total count
 G = Total turns spent on level
                    A         B        C        D         E        F      G
               +---------+---------+-------+---------+---------+-------+---------
         Total |       0 |     222 |   0.0 |       0 |      71 |   0.0 |  2298
               +---------+---------+-------+---------+---------+-------+---------
           D:1 |       0 |      29 |   0.0 |       0 |      17 |   0.0 |   598
           D:2 |       0 |      89 |   0.0 |       0 |      29 |   0.0 |  1160
           D:3 |       0 |     104 |   0.0 |       0 |      25 |   0.0 |   540
               +---------+---------+-------+---------+---------+-------+---------
